 Dungeon Crawl Stone Soup version 0.24.0-123-gd5b16e6ec5 (webtiles) character file.

Game seed: 2171966608954341589, levelgen mode: deterministic

44 Goreval the Sneak (level 3, -5/28 HPs)
             Began as a Naga Enchanter on Jan 16, 2020.
             Slain by a gnoll
             ... wielding a +0 spear
              (10 damage)
             ... on level 2 of the Dungeon.
             The game lasted 00:06:29 (1529 turns).

Goreval the Sneak (Naga Enchanter)                  Turns: 1529, Time: 00:06:30

Health: -5/28      AC:  3    Str: 14    XL:     3   Next: 62%
Magic:  4/6        EV:  9    Int: 16    God:
Gold:   87         SH:  0    Dex: 11    Spells: 0/6 levels left

rFire    + . .     SeeInvis +   a - +1 dagger
rCold    . . .     Gourm    .   (no shield)
rNeg     . . .     Faith    .   h - +0 leather armour (curse)
rPois    +         Spirit   .   j - +0 helmet
rElec    .         Reflect  .   (no cloak)
rCorr    .         Harm     .   (no gloves)
MR       .....                  (no barding)
Stlth    ++........             (no amulet)
HPRegen  0.09/turn              b - +4 ring of strength
MPRegen  0.10/turn              m - ring of protection from fire

@: short of breath, very slightly contaminated, very slow
A: large, see invisible, deformed body, poison resistance, slowness 2, slow
metabolism 1, spit poison 1, AC +1
a: Spit Poison


You were on level 2 of the Dungeon.
You were not hungry.

You visited 1 branch of the dungeon, and saw 2 of its levels.

You collected 87 gold pieces.

Inventory:

Hand Weapons
 a - a +1 dagger (weapon)
Missiles
 e - 103 stones (quivered)
Armour
 h - a cursed +0 leather armour (worn)
 j - a +0 helmet (worn)
 k - a +2 buckler
Jewellery
 b - a +4 ring of strength (left hand)
 m - a ring of protection from fire (right hand)
Scrolls
 c - a scroll of enchant armour {unknown}
 f - 2 scrolls of teleportation {unknown}
 g - 2 scrolls of identify {unknown}
 n - a scroll of magic mapping {unknown}
 p - a scroll of blinking {unknown}
Potions
 i - a potion of lignification {unknown}
 l - a potion of curing {unknown}
Comestibles
 d - 4 rations
 o - a chunk of flesh


   Skills:
 * Level 2.2 Short Blades
 - Level 1.5 Dodging
 + Level 5.0 Stealth
 - Level 2.0 Spellcasting
 * Level 3.6 Hexes


You couldn't memorise any spells.
You knew the following spells:

 Your Spells              Type           Power        Failure   Level  Hunger
a - Ensorcelled Hibernat  Hex/Ice        #.....       19%         2    ###....
b - Confuse               Hex            ##......     19%         3    ###....
o - Corona                Hex            ##.....      6%          1    #......

Your spell library contained the following spells:

 Spells                   Type           Power        Failure   Level  Hunger
 Tukima's Dance           Hex            ##......     19%         3    ###....
 Dazzling Spray           Conj/Hex       #.....       36%         3    ###....


Dungeon Overview and Level Annotations

Branches:
Dungeon (2/15)

Altars:
Dithmenos
Okawaru
Zin


Innate Abilities, Weirdness & Mutations

You cannot wear boots.
Your serpentine skin is tough. (AC +1)
You have supernaturally acute eyesight. (SInv)
Armour fits poorly on your strangely shaped body.
Your system is resistant to poisons. (rPois)
You cover ground very slowly.
You have a slow metabolism.
You can spit poison.


Message History

The gnoll closely misses you.
There is an open door here.
The frilled lizard bites you.
* * * LOW HITPOINT WARNING * * *
The gnoll barely misses you. The frilled lizard bites you.
* * * LOW HITPOINT WARNING * * *
You miss the frilled lizard. The gnoll misses you.
The frilled lizard barely misses you.
You miss the frilled lizard.
The gnoll hits you from afar with a +0 spear.
* * * LOW HITPOINT WARNING * * *
The frilled lizard closely misses you.
Unknown command.
Aim: a gnoll, wielding a +0 spear The splash of poison misses the frilled lizard.
The splash of poison hits the gnoll!
The gnoll is poisoned.
You feel slightly more hungry.
The gnoll hits you from afar with a +0 spear!
You die...

################
###..........#....
#>'........).'....
#g#..........#....
#g#..........#....
#l#..........#....
#@#..........#....
#.#..........#gg..
#.#..........#....
###.#..........#....
#...############....
#...# #.... #...#
###.########
#.........


You could see 2 gnolls and a frilled lizard.

Vanquished Creatures
  A gnoll (D:2)
  An adder (D:2)
  2 leopard geckos (D:1)
  A ball python (D:1)
  3 giant cockroaches (D:1)
  A goblin (D:2)
  2 hobgoblins (D:1)
  4 kobolds
  3 bats (D:1)
  A frilled lizard (D:1)
  6 rats (D:1)
25 creatures vanquished.

Notes
Turn   | Place    | Note
-------+----------+-------------------------------------------
     0 | D:1      | Goreval the Naga Enchanter began the quest for the Orb.
     0 | D:1      | Reached XP level 1. HP: 15/15 MP: 3/3
   330 | D:1      | Reached XP level 2. HP: 16/22 MP: 5/5
   334 | D:1      | Learned a level 2 spell: Ensorcelled Hibernation
  1158 | D:1      | Reached XP level 3. HP: 27/28 MP: 6/6
  1166 | D:1      | Learned a level 3 spell: Confuse
  1359 | D:2      | Found a glowing silver altar of Zin.
  1359 | D:2      | Found a shadowy altar of Dithmenos.
  1361 | D:2      | Found an iron altar of Okawaru.
  1513 | D:2      | Reached skill level 5 in Stealth
  1529 | D:2      | Slain by a gnoll

Levels and vault maps discovered:
D:1:      dpeg_arrival_prison, layout_loops_cross, chequers_jeans
D:2:      cheibrodos_old_hovel, layout_basic, grunt_temple_overflow_open,
          chequers_ecumenical_altar_grove

Skill      XL: |  1  2  3 |
---------------+----------+-----
Short Blades   | 2 |  2.2
Stealth        | 5 |  5.0
Dodging        | |  1.5
Spellcasting   | |  2.0
Hexes          | |  3.6

Action                   || total
-------------------------++-------
Melee: Dagger            ||    70
 Cast: Ensorcelled Hiber ||     4
 Abil: Spit Poison       ||     9
 Stab: Sleeping          ||     7
  Eat: Chunk             ||     2
Armor: Robe              ||     4
       Leather armour    ||     9
Dodge: Dodged            ||    40
